Map: Dusk Towers

Players

Solipsis

  • Race: Terran Terran
  • League: Silver

A.I. 1 (Medium) - Winner!

  • Race: Terran Terran

VOD

Have the link to the VOD?

Description

Time

  • Played on: Dec. 4, 2015, 5:07 a.m.
  • Length: 8:24
Show
View Real Time Build Order
Export as new Build Order

Solipsis Terran 

Build Orders:  

Get SALT Encoding   

  12  0:01  SCV  
  13  0:13  SCV  
  14  0:17  Supply Depot  
  14  0:25  SCV  
  15  0:30  Refinery  
  15  0:39  SCV  
  16  0:46  Barracks  
  16  0:52  SCV  
  17  0:59  Refinery  
  17  1:12  SCV  
  17  1:16  Supply Depot  
  18  1:25  SCV  
  19  1:34  Reaper  
  19  1:37  SCV  
  21  1:46  Factory  
  21  1:52  Orbital Command  
  21  2:07  Reaper  
  22  2:19  SCV  
  23  2:32  SCV, Hellion  
  23  2:36  Starport  
  26  2:39  Reaper  
  26  2:44  SCV  
  28  2:53  Hellion  
  28  2:56  SCV  
  30  3:08  Supply Depot  
  30  3:09  SCV  
  31  3:22  Supply Depot  
  31  3:30  Hellion, Reaper, Medivac  
  32  3:51  Hellion  
  34  4:02  Reaper  
  35  4:08  Command Center  
  35  4:13  Hellion  
  35  4:34  Hellion  
  35  4:37  Barracks Reactor  
  37  4:59  Hellion  
  39  5:01  SCV  
  40  5:13  SCV, Marine  
  42  5:14  Marine  
  42  5:16  Factory  
  42  5:17  Factory  
  43  5:25  SCV  
  42  5:37  SCV  
  42  5:41  Marine x2  
  43  5:44  Hellion  
  43  5:49  SCV  
  43  6:06  Factory Tech Lab x2, Hellion  
  43  6:09  Factory Reactor  
  44  6:13  Reaper x2  
  44  6:26  Engineering Bay x2  
  44  6:27  SCV  
  44  6:32  Armory  
  46  6:34  Orbital Command  
  46  6:39  SCV  
  46  6:41  Medivac  
  46  6:45  Reaper x2  
  46  6:46  Cyclone  
  53  6:48  Hellion  
  53  6:49  Hellion  
  53  6:51  SCV  
  58  7:03  SCV  
  55  7:35  Cyclone  
  58  7:37  Factory Reactor  
  58  7:38  Hellion x2  
  62  7:51  Supply Depot  
  62  7:52  Supply Depot  
  62  7:53  Supply Depot  
  62  7:56  Supply Depot  
Show
View Real Time Build Order
Export as new Build Order

A.I. 1 (Medium) Terran - Winner!

Build Orders:  

Get SALT Encoding   

  12  0:00  SCV  
  13  0:13  SCV  
  14  0:19  Supply Depot  
  14  0:25  SCV  
  15  0:40  SCV  
  15  0:42  Barracks  
  16  0:50  Refinery  
  16  0:52  SCV  
  17  1:04  SCV  
  18  1:16  Supply Depot  
  18  1:29  Marine  
  19  1:33  Barracks, Orbital Command  
  19  1:42  Refinery  
  19  1:48  Barracks Tech Lab  
  19  2:06  Marine  
  19  2:08  Factory  
  20  2:22  Supply Depot  
  20  2:23  Marine  
  20  2:25  Marine  
  22  2:41  Marine  
  22  2:43  Marine  
  24  2:46  SCV  
  25  2:54  Hellion  
  25  2:58  SCV  
  28  2:59  Engineering Bay  
  28  3:01  Marine  
  29  3:06  Supply Depot  
  29  3:10  SCV  
  30  3:15  Hellion  
  32  3:22  SCV  
  33  3:34  SCV  
  33  3:37  Hellion  
  33  3:38  Marine  
  36  3:46  SCV  
  36  4:17  SCV  
  37  4:42  SCV  
  37  4:59  Barracks Tech Lab  
  39  5:00  SCV, Marauder  
  39  5:02  Factory Tech Lab  
  39  5:05  Supply Depot  
  39  5:06  Command Center, Missile Turret  
  40  5:08  Missile Turret  
  40  5:11  Factory  
  40  5:12  SCV  
  42  5:21  Marauder  
  42  5:24  SCV  
  46  5:28  Siege Tank  
  42  5:40  SCV  
  42  5:42  Starport  
  37  5:44  Supply Depot  
  34  5:50  Marine  
  34  5:52  SCV  
  36  6:00  Factory Tech Lab  
  36  6:03  Marine  
  36  6:04  SCV  
  36  6:16  SCV, Cyclone  
  36  6:18  SCV, Starport Tech Lab  
  41  6:28  SCV  
  41  6:29  Marine  
  41  6:30  SCV  
  44  6:38  Raven  
  46  6:40  SCV  
  46  6:42  SCV  
  46  6:43  Marauder  
  50  6:52  SCV  
  51  6:54  SCV  
  51  6:55  Siege Tank  
  55  7:04  SCV  
  55  7:06  Bunker  
  55  7:07  SCV  
  57  7:11  Marine  
  57  7:16  SCV  
  57  7:17  Missile Turret  
  57  7:19  SCV  
  57  7:20  Raven  
  60  7:24  Marine  
  60  7:29  SCV  
  55  7:30  Missile Turret  
  55  7:31  SCV  
  56  7:37  Marine  
  56  7:41  SCV  
  56  7:43  SCV  
  59  7:44  Sensor Tower  
  59  7:51  Bunker  
  59  7:53  SCV  
  59  7:56  SCV  
  61  8:01  Armory  
  61  8:05  SCV  
  62  8:06  Barracks  
  62  8:08  SCV  
Tags
 
League
Silver
Matchup
TvT
Race
Terran
Add a new tag
Caveats
  • Supply blocks, unpowered buildings, or Contaminate may cause inaccurate times.
  • Supply counts are checked every 10 seconds.